 Dungeon Crawl Stone Soup version 0.27-a0-1149-g4505690ab0 (webtiles) character file.

Game seed: 4926299985064134364

221 lunkers the Grave Robber (level 5, -2/35 HPs)
             Began as a Demonspawn Necromancer on May 13, 2021.
             Slain by an endoplasm (3 damage)
             ... in a sewer.
             The game lasted 00:05:22 (3423 turns).

lunkers the Grave Robber (Demonspawn Necromancer)   Turns: 3423, Time: 00:05:23

Health: -2/35      AC:  2    Str:  8    XL:     5   Next: 65%
Magic:  1/10       EV: 12    Int: 18    God:
Gold:   97         SH:  0    Dex: 13    Spells: 9/10 levels left

rFire    . . .     SeeInvis .   (no weapon)
rCold    . . .     Faith    .   (no shield)
rNeg     . . .     Spirit   .   a - +0 robe
rPois    .         Reflect  .   (no helmet)
rElec    .         Harm     .   (no cloak)
rCorr    .         Rampage  .   (no gloves)
Will     .....                  (no boots)
Stlth    +.........             (no amulet)
HPRegen  0.11/turn              (no ring)
MPRegen  0.12/turn              (no ring)

@: very slow
A: claws 1, powered by death 1, demonic magic 1
a: no special abilities


You were in a sewer.
You visited 1 branch of the dungeon, and saw 3 of its levels.
You also visited: Sewer.

You collected 97 gold pieces.

Inventory:

Armour
 a - a +0 robe (worn)
Jewellery
 e - a +4 ring of evasion
Scrolls
 b - a scroll of vulnerability {unknown}
 d - a scroll of summoning {unknown}
 f - a scroll of identify {unknown}
 g - a scroll of amnesia {unknown}
 h - a scroll of fear {unknown}
 i - a scroll of acquirement {unknown}
 l - a scroll of blinking {unknown}
 m - a scroll of teleportation
Potions
 c - 2 potions of curing {unknown}
 j - a potion of lignification {unknown}
 k - 2 potions of might {unknown}


   Skills:
 - Level 1.7 Dodging
 - Level 1.7 Stealth
 + Level 3.4 Spellcasting
 * Level 6.8 Necromancy


You had 9 spell levels left.
You knew the following spells:

 Your Spells              Type           Power      Damage    Failure   Level
a - Pain                  Necr           100%       1d9       1%          1

Your spell library contained the following spells:

 Spells                   Type           Power      Damage    Failure   Level
 Animate Skeleton         Necr           54%        N/A       1%          1
 Vampiric Draining        Necr           13%        2d7       2%          3
 Animate Dead             Necr           13%        N/A       10%         4
 Magic Dart               Conj           12%        1d3       16%         1
 Searing Ray              Conj           6%         3d3       24%         2
 Agony                    Necr           27%        N/A       26%         5
 Dazzling Flash           Conj/Hex       6%         N/A       43%         3
 Fulminant Prism          Conj/Hex       1%         3d6       83%         4
 Iskenderun's Mystic Bla  Conj/Tloc      3%         2d3       83%         4


Dungeon Overview and Level Annotations

Branches:
Dungeon (3/15)              Sewer (1/1)

Altars:
Beogh


Innate Abilities, Weirdness & Mutations

You have sharp fingernails.
You regenerate a little health from kills.
Spells you cast may paralyse adjacent enemies.


Message History

Unknown command.
Casting: Pain (safe; 1% risk of failure)
Confirm with . or Enter, or press ? or * to list all spells.
Aiming: Pain (safe; 1% risk of failure)
Press: ? - help, Shift-Dir - straight line, f/p - bullfrog
Aim: a bullfrog (almost dead, chance to affect: 84%)
The bullfrog writhes in agony.
Malevolent energies surge around you. The bullfrog hits you.
* * * LOW HITPOINT WARNING * * *
The endoplasm freezes you.
You are frozen.
* * * LOW HITPOINT WARNING * * *
The bullfrog hits you.
* * * LOW HITPOINT WARNING * * *
The bullfrog completely misses you.
Casting: Pain (safe; 1% risk of failure)
Confirm with . or Enter, or press ? or * to list all spells.
Aiming: Pain (safe; 1% risk of failure)
Press: ? - help, Shift-Dir - straight line, f - bullfrog
Aim: a bullfrog (severely wounded, chance to affect: 84%)
The bullfrog writhes in agony.
You kill the bullfrog!
Malevolent energies surge around you.
Unknown command.
Unknown command.
You enter the shallow water.
Moving in this stuff is going to be slow.
The endoplasm freezes you.
You are frozen.
* * * LOW HITPOINT WARNING * * *
Casting: Pain (safe; 1% risk of failure)
Confirm with . or Enter, or press ? or * to list all spells.
Aiming: Pain (safe; 1% risk of failure)
Press: ? - help, Shift-Dir - straight line, f - endoplasm
Aim: an endoplasm (chance to affect: 93%)
The endoplasm barely resists.
Malevolent energies surge around you.
The giant cockroach suddenly stops moving!
* * * LOW MAGIC WARNING * * *
The endoplasm hits you.
You die...

############# #≈.≈.≈≈≈≈≈≈.#####
#≈≈.≈≈≈.≈≈....∩.###
#≈≈†#########....≈##
####≈.≈≈≈≈≈≈..≈####.≈∩#
##≈.#≈.≈.≈#####≈≈≈.#####
####≈≈≈#######≈∩≈#≈†≈≈≈≈≈##
##≈≈≈≈.≈.#..B≈≈.≈≈####≈≈≈≈≈##
##≈≈≈≈#.≈##≈FJ@≈...≈≈≈###≈≈≈≈##
#≈≈≈.##≈÷#.†#######≈≈..≈##†≈≈≈#
##≈.≈##≈≈##≈≈# ###≈≈≈.##≈≈≈#
#.≈≈.#≈≈.#.≈†≈≈B≈≈≈≈
##≈.≈.#≈≈≈≈
##≈≈.##≈≈≈#≈≈≈.≈.≈≈.≈
##≈≈≈##.≈≈
#.≈≈≈#.≈≈÷#≈≈≈≈$≈≈..≈ #.≈≈≈#≈≈.
#∩.≈.#≈≈≈≈#≈≈..$[..≈≈ #≈≈≈≈#≈.≈
#.≈.≈#≈≈.≈#≈≈≈.?.$.≈. #≈.≈.#≈≈≈
##≈≈.##.≈≈##≈≈≈..≈≈≈≈
##.≈≈##†.≈


You could see a bullfrog, an endoplasm and a giant cockroach (paralysed).

Vanquished Creatures
  A bullfrog (Sewer)
  A gnoll (D:3)
  7 adders (Sewer)
  A dart slug (D:1)
  13 endoplasms
  10 giant cockroaches
  2 goblins
  2 hobgoblins
  2 jackals (D:2)
  14 quokkas
  11 ball pythons
  2 bats
  6 frilled lizards
  2 kobolds
  4 rats
78 creatures vanquished.

Notes
Turn   | Place    | Note
-------+----------+-------------------------------------------
     0 | D:1      | lunkers the Demonspawn Necromancer began the quest for the
                  | Orb.
     0 | D:1      | Reached XP level 1. HP: 13/13 MP: 3/3
   175 | D:1      | Noticed an orc wizard
   177 | D:1      | Noticed an orc warrior
   240 | D:1      | Gained mutation: You have sharp fingernails. [demonic
                  | ancestry]
   240 | D:1      | Reached XP level 2. HP: 8/19 MP: 0/5
   760 | D:1      | Found a faded altar of an unknown god.
   806 | D:1      | You fall into a shaft and drop 1 floor!
   844 | D:2      | Reached skill level 5 in Necromancy
  1457 | D:2      | Gained mutation: Spells you cast may paralyse adjacent
                  | enemies. [demonic ancestry]
  1457 | D:2      | Reached XP level 3. HP: 22/24 MP: 4/6
  2092 | D:3      | Found a glowing drain.
  2169 | Sewer    | Entered a sewer
  2477 | Sewer    | Reached XP level 4. HP: 27/30 MP: 4/8
  2721 | Sewer    | Reached skill level 6 in Necromancy
  3109 | Sewer    | Gained mutation: You regenerate a little health from kills.
                  | [demonic ancestry]
  3109 | Sewer    | Reached XP level 5. HP: 31/35 MP: 5/9
  3419 | Sewer    | HP: 1/35 [bullfrog (2)]
  3423 | Sewer    | Slain by an endoplasm

Illustrated notes

Levels and vault maps discovered:
D:1:      erik_arrival_cave_to_civilisation [erik_arrival_cave_to_temple],
          layout_basic, ebering_ecumenical_altar_mist
D:2:      layout_basic
D:3:      layout_loops_corners, portal_sewer_entry_f, serial_park_tiny_1,
          serial_park_tiny_1, minmay_rat_hole
Sewer:    sewer_frog_island_02

Skill      XL: |  1  2  3  4 |
---------------+-------------+-----
Necromancy     | 5 6 |  6.8
Spellcasting   | 3 |  3.4
Dodging        | |  1.7
Stealth        | |  1.7

Action                   |  1- 3 |  4- 6 || total
-------------------------+-------+-------++-------
 Cast: Pain              |    79 |    73 ||   152
  Use: Scroll            |     1 |       ||     1
Armor: Robe              |     8 |     2 ||    10
Dodge: Dodged            |    18 |     7 ||    25

Table legend: (Time is in decaauts)
 A = Elapsed time spent in this place.
 B = Non-inter-level travel time spent in this place.
 C = Inter-level travel time spent in this place.
 D = Time resting spent in this place.
 E = Time spent auto-exploring this place.
 F = Levels seen in this place.
 G = Mean time per level.
                   A        B        C        D        E       F      G
               +--------+--------+--------+--------+--------+-----+--------+
         Total |   3490 |   3444 |     46 |    299 |   2628 |   4 |  872.5 |
       Dungeon |   2170 |   2124 |     46 |    122 |   1672 |   3 |  723.3 |
         Sewer |   1319 |   1319 |      0 |    177 |    956 |   1 | 1319.0 |
               +--------+--------+--------+--------+--------+-----+--------+

Top non-repeatable levels by time:
   Sewer: 1319 daAuts
     D:2: 1109 daAuts
     D:1: 806 daAuts
     D:3: 255 daAuts
